 Dungeon Crawl Stone Soup version 0.30.1-9-gdf580d7c3d (webtiles) character file.

Game seed: 567879229417145010

2732982 Amplified the Conqueror (level 27, 249/249 HPs)
             Began as a Mummy Gladiator on Oct 7, 2023.
             Was an Initiate of Gozag.
             Escaped with the Orb
             ... and 5 runes on Oct 8, 2023!
             The game lasted 03:21:32 (87447 turns).

Amplified the Conqueror (Mummy Gladiator)          Turns: 87447, Time: 03:21:32

Health: 249/249    AC: 24    Str: 28    XL:     27
Magic:  48/48      EV: 16    Int: 19    God:    Gozag
Gold:   2052       SH: 19    Dex: 16    Spells: 42/69 levels left

rFire   + + +        v - +5 demon whip (spect)
rCold   + + +        A - +5 kite shield {AC+3}
rNeg    + + +        J - +3 ring mail of Utapniheo {*Corrode rElec rF+ Will+++ Regen+}
rPois   ∞            Q - +1 helmet of the First Knaves {rF+ rC+ Str+3}
rElec   +            r - scarf {rC+ rF+}
rCorr   +            U - +3 pair of gauntlets of War {Slay+5}
SInv    .            F - +3 pair of mountain boots {steadfast, rC+}
Will    +++++        p - amulet of the acrobat
Stlth   ++           q - ring "Goibami" {Will+ rCorr}
HPRegen 1.41/turn    h - ring "Qippien" {rF+ Str+2 Int+6}
MPRegen 0.31/turn

%: corrode self (3%), acrobat, faith
@: no status effects
A: cold resistance 1, negative energy resistance 3, torment resistance 2, heat
vulnerability 1, in touch with death 2, no potions, faith
0: Orb of Zot
}: 5/15 runes: decaying, serpentine, slimy, silver, abyssal
a: Renounce Religion, Potion Petition, Call Merchant, Bribe Branch


You escaped.
You worshipped Gozag.
Gozag was most pleased with you.
You visited 12 branches of the dungeon, and saw 56 of its levels.
You visited the Abyss 1 time.
You also visited: Trove, Ossuary, Gauntlet and Ice Cave.

You collected 32359 gold pieces.
You spent 7796 gold pieces at shops.
You paid 22511 gold pieces to Gozag.

Inventory:

Hand Weapons
 v - a +5 spectral demon whip (weapon)
 E - a +0 broad axe of flaming
Missiles
 a - 5 silver javelins
 b - 6 javelins
 f - 9 curare-tipped darts (quivered)
Armour
 r - a scarf of resistance (worn)
 x - the +0 pair of gloves of Incorporation {rF+ rN+ rCorr}
   (You acquired it on level 15 of the Dungeon)

   rF:        It protects you from fire.
   rN:        It protects you from negative energy.
   rCorr:     It protects you from acid and corrosion.
 A - a +5 kite shield of protection (worn)
 F - the +3 pair of mountain boots (worn) {steadfast, rC+}
   (You found it on level 5 of the Vaults)

   Steadfast: It prevents involuntary movement, except for blinking,
   teleportation, or banishment.
   rC:        It protects you from cold.
 I - the +2 pair of boots "Xepa Van" {rCorr Dex+4}
   (You found it on level 2 of the Realm of Zot)

   Dex:       It affects your dexterity (+4).
   rCorr:     It protects you from acid and corrosion.
 J - the +3 ring mail of Utapniheo (worn) {*Corrode rElec rF+ Will+++ Regen+}
   (You found it on level 5 of the Lair of Beasts)

   rF:        It protects you from fire.
   rElec:     It insulates you from electricity.
   Regen:     It increases your rate of health regeneration.
   *Corrode:  It may corrode you when you take damage.
   Will:      It greatly increases your willpower.
 O - the +5 pair of boots of the Big Bang {Str+3 Int+2}
   (You acquired it on level 14 of the Dungeon)

   Str:       It affects your strength (+3).
   Int:       It affects your intelligence (+2).
 Q - the +1 helmet of the First Knaves (worn) {rF+ rC+ Str+3}
   (You bought it in a shop on level 12 of the Dungeon)

   Str:       It affects your strength (+3).
   rF:        It protects you from fire.
   rC:        It protects you from cold.
 U - the +3 pair of gauntlets of War (worn) {Slay+5}
   (You found it on level 2 of the Depths)

   Slay:      It affects your accuracy & damage with ranged weapons and melee
   (+5).
 X - the +2 pair of boots of Etavena {rF++}
   (You found it on level 4 of the Vaults)

   rF:        It greatly protects you from fire.
Jewellery
 e - a ring of resist corrosion
 h - the ring "Qippien" (right hand) {rF+ Str+2 Int+6}
   (You bought it in a shop on level 12 of the Dungeon)

   [ring of intelligence]

   Str:       It affects your strength (+2).
   Int:       It affects your intelligence (+6).
   rF:        It protects you from fire.
 i - an amulet of guardian spirit
 k - a ring of fire
 m - the ring "Rianuyra" {+Blink Str+2 Int+6 Slay+5}
   (You bought it in a shop on level 3 of the Snake Pit)

   [ring of intelligence]

   Str:       It affects your strength (+2).
   Int:       It affects your intelligence (+6).
   Slay:      It affects your accuracy & damage with ranged weapons and melee
   (+5).
   +Blink:    It lets you blink.
 n - the ring "Pasangi" {rPois rF- Str+6 Int+2}
   (You found it in a treasure trove)

   [ring of strength]

   Str:       It affects your strength (+6).
   Int:       It affects your intelligence (+2).
   rF:        It makes you vulnerable to fire.
   rPois:     It protects you from poison.
 p - an amulet of the acrobat (around neck)
 q - the ring "Goibami" (left hand) {Will+ rCorr}
   (You found it on level 3 of the Crypt)

   [ring of willpower]

   rCorr:     It protects you from acid and corrosion.
   Will:      It increases your willpower.
 y - a ring of see invisible
 C - the ring of Daffodils {rC++ Will- MP+9 Dex+4}
   (You found it on level 10 of the Dungeon)

   [ring of magical power]

   Dex:       It affects your dexterity (+4).
   rC:        It greatly protects you from cold.
   MP:        It affects your magic capacity (+9).
   Will:      It decreases your willpower.
 K - the ring "Ireon" {Wiz rF++}
   (You found it in a treasure trove)

   [ring of wizardry]

   It improves your spell success rate.
   rF:        It greatly protects you from fire.
 L - a ring of protection from cold
 M - the ring "Woweke Pops" {rF+ Will+}
   (You found it in a treasure trove)

   [ring of protection from fire]

   rF:        It protects you from fire.
   Will:      It increases your willpower.
 T - the ring "Astraceh" {rF+ rN++}
   (You found it in a treasure trove)

   [ring of protection from fire]

   rF:        It protects you from fire.
   rN:        It greatly protects you from negative energy.
Wands
 d - a wand of flame (118)
 o - a wand of paralysis (33)
 t - a wand of digging (13)
 u - a wand of polymorph (48)
 B - a wand of iceblast (59)
 H - a wand of light (19)
 V - a wand of mindburst (52)
Scrolls
 c - 2 scrolls of magic mapping
 g - 18 scrolls of vulnerability
 j - 6 scrolls of teleportation
 l - 3 scrolls of fear
 s - 8 scrolls of amnesia
 z - 8 scrolls of immolation
 D - 3 scrolls of poison
 G - 8 scrolls of brand weapon
 P - 6 scrolls of fog
 R - a scroll of silence
 S - 7 scrolls of enchant armour
 W - a scroll of blinking
Miscellaneous
 w - a lightning rod (4/4)
 N - a condenser vane


   Skills:
 O Level 27 Fighting
 - Level 9.0(11.4) Axes
 - Level 11.1(12.4) Maces & Flails
 - Level 1.5 Throwing
 - Level 10.9 Armour
 - Level 10.7 Dodging
 * Level 14.3 Stealth
 - Level 15.6 Shields
 - Level 21.5 Spellcasting
 - Level 7.5 Hexes
 - Level 9.0 Summonings
 - Level 8.3 Necromancy
 * Level 11.7 Translocations
 - Level 3.4 Ice Magic
 - Level 9.0 Air Magic
 - Level 12.8 Evocations


You had 42 spell levels left.
You knew the following spells:

 Your Spells              Type           Power      Damage    Failure   Level
a - Summon Small Mammal   Summ           100%       N/A       1%          1
b - Frozen Ramparts       Ice            66%        1d10      3%          3
c - Summon Lightning Spi  Summ/Air       53%        N/A       1%          4
d - Silence               Hex/Air        25%        N/A       3%          5
e - Dispel Undead         Necr           87%        3d28      1%          4
f - Lesser Beckoning      Tloc           100%       N/A       1%          2
g - Manifold Assault      Tloc           60%        N/A       1%          4
h - Airstrike             Air            26%        2d(4-20)  1%          4

Your spell library contained the following spells:

 Spells                   Type           Power      Damage    Failure   Level
 Apportation              Tloc           100%       N/A       1%          1
 Kiss of Death            Conj/Necr      100%       2d13      1%          1
 Necrotise                Necr           100%       1d9       1%          1
 Shock                    Conj/Air       100%       1d9       1%          1
 Blink                    Tloc           100%       N/A       1%          2
 Call Imp                 Summ           100%       N/A       1%          2
 Cigotuvi's Dreadful Rot  Necr/Pois/Air  100%       N/A       1%          2
 Momentum Strike          Conj/Tloc      84%        3d10      1%          2
 Poisonous Vapours        Pois/Air       74%        N/A       1%          2
 Static Discharge         Conj/Air       74%        2-6/arc   1%          2
 Call Canine Familiar     Summ           53%        N/A       1%          3
 Confusing Touch          Hex            49%        N/A       1%          3
 Gell's Gravitas          Tloc           60%        N/A       1%          3
 Summon Guardian Golem    Hex/Summ       51%        N/A       1%          3
 Swiftness                Air            53%        N/A       1%          3
 Teleport Other           Tloc           60%        N/A       1%          3
 Tukima's Dance           Hex            49%        N/A       1%          3
 Vhi's Electric Charge    Tloc/Air       100%       N/A       1%          3
 Volatile Blastmotes      Fire/Tloc      84%        2d17      1%          3
 Anguish                  Hex/Necr       42%        N/A       1%          4
 Cause Fear               Hex            24%        N/A       1%          4
 Passage of Golubria      Tloc           60%        N/A       1%          4
 Dazzling Flash           Conj/Hex       68%        N/A       2%          3
 Inner Flame              Hex/Fire       34%        N/A       2%          3
 Mephitic Cloud           Conj/Pois/Air  31%        N/A       3%          3
 Ozocubu's Armour         Ice            33%        N/A       3%          3
 Iskenderun's Mystic Bla  Conj/Tloc      42%        2d10      3%          4
 Summon Ice Beast         Ice/Summ       44%        N/A       3%          4
 Agony                    Necr           87%        N/A       3%          5
 Magic Dart               Conj           80%        1d7       4%          1
 Sting                    Tmut/Pois      80%        1d7       4%          1
 Dispersal                Tloc           30%        N/A       5%          6
 Searing Ray              Conj           40%        2d5       6%          2
 Animate Armour           Summ/Erth      74%        N/A       7%          4
 Fulminant Prism          Conj/Hex       17%        3d10      9%          4
 Leda's Liquefaction      Hex/Erth       17%        N/A       9%          4
 Metabolic Englaciation   Hex/Ice        20%        N/A       12%         5
 Ignite Poison            Fire/Tmut/Pois 20%        N/A       13%         3
 Stone Arrow              Conj/Erth      40%        3d9       13%         3
 Borgnjor's Vile Clutch   Necr/Erth      34%        N/A       22%         5
 Freezing Cloud           Conj/Ice/Air   18%        6-21      22%         5
 Death Channel            Necr           43%        N/A       22%         6
 Yara's Violent Unravell  Hex/Tmut       17%        3d8       24%         5
 Flame Wave               Conj/Fire      20%        2d7       38%         4
 Olgreb's Toxic Radiance  Pois           20%        N/A       38%         4
 Petrify                  Tmut/Erth      20%        N/A       38%         4
 Sticky Flame             Conj/Fire      20%        2d4       38%         4
 Monstrous Menagerie      Summ           26%        N/A       65%         7
 Summon Hydra             Summ           26%        N/A       65%         7
 Conjure Ball Lightning   Conj/Air       18%        3x3d6     71%         6
 Plasma Beam              Fire/Air       18%        2x1d33    71%         6
 Alistair's Intoxication  Tmut/Pois      13%        N/A       75%         5
 Fireball                 Conj/Fire      10%        3d6       75%         5
 Irradiate                Conj/Tmut      10%        3d15      75%         5
 Iskenderun's Battlesphe  Conj           20%        2d7       75%         5
 Lee's Rapid Deconstruct  Erth           10%        3d8*      75%         5
 Enfeeble                 Hex            24%        N/A       85%         7
 Disjunction              Tloc           30%        N/A       92%         8
 Spellforged Servitor     Conj/Summ      18%        N/A       99%         7
 Iron Shot                Conj/Erth      10%        9d3       100%        6
 Starburst                Conj/Fire      10%        6d5       100%        6
 Orb of Destruction       Conj           10%        9d6       100%        7
 Ozocubu's Refrigeration  Ice            16%        4d11      100%        7
 Ignition                 Fire           10%        3d5       100%        8
 Infestation              Necr           43%        N/A       100%        8
 Lehudib's Crystal Spear  Conj/Erth      10%        10d4      100%        8
 Maxwell's Capacitive Co  Air            26%        ∞         100%        8
 Dragon's Call            Summ           26%        N/A       100%        9
 Polar Vortex             Ice            16%        N/A       100%        9
 Sublimation of Blood     Necr           Unusable   N/A       N/A         2
 Animate Dead             Necr           Unusable   N/A       N/A         4
 Wereblood                Tmut           Unusable   N/A       N/A         2
 Ice Form                 Ice/Tmut       Unusable   N/A       N/A         4
 Simulacrum               Ice/Necr       Unusable   N/A       N/A         6
 Storm Form               Tmut/Air       Unusable   N/A       N/A         7
 Statue Form              Tmut/Erth      Unusable   N/A       N/A         6
 Dragon Form              Tmut           Unusable   N/A       N/A         7
 Borgnjor's Revivificati  Necr           Unusable   N/A       N/A         8

Dungeon Overview and Level Annotations

Branches:
Dungeon (15/15)            Temple (1/1) D:7            Lair (5/5) D:8
  Swamp (4/4) Lair:2        Snake (4/4) Lair:2        Slime (5/5) Lair:5
    Orc (2/2) D:12            Elf (3/3) Orc:2        Vaults (5/5) D:13
  Crypt (3/3) Vaults:3       Tomb (0/3) Crypt:3      Depths (4/4) D:15
    Zot (5/5) Depths:4    Ossuary (visited)           IceCv (visited)
Gauntlet (visited)

Altars:
Ashenzari
Cheibriados
Dithmenos
Fedhas
Gozag
Hepliaklqana
Kikubaaqudgha
Makhleb
Nemelex Xobeh
Okawaru
Qazlal
Ru
Sif Muna
Trog
Uskayaw
Vehumet
Wu Jian
Xom
Yredelemnul
Jiyva
Lugonu

Shops:
D:2 (   D:4 *   D:8 *(**   D:12 [*[   Orc:2 (!:?*?[   Lair:1 =   Snake:1 *
Snake:2 !   Snake:3 =   Vaults:2 [!(   Vaults:3 *   Vaults:4 *[![
Vaults:5 [!!!:   Depths:1 *

Portals:
Hell: Depths:1 Depths:2 Depths:3 Depths:4
Abyss: Depths:1 Depths:3 Depths:4
Pandemonium: Depths:2
Ziggurat: Depths:1
Bazaar: Depths:1

Annotations:
Lair:3 Snorg
Elf:2 3 runed translucent doors
Vaults:2 Mennas
Crypt:3 Sojobo
Depths:1 exclusion: orange crystal statue


Innate Abilities, Weirdness & Mutations

You are immune to poison.
Your flesh is cold resistant. (rC+)
You are immune to negative energy. (rN+++)
You are immune to unholy pain and torment.
You are vulnerable to heat. (rF-)
You are strongly in touch with the powers of death.
You do not drink.
You have a special connection with the divine. (Faith)


Message History

Your +5 spectral demon whip hits the profane servitor!
You block the profane servitor's attack. x2
Unknown command.
You whack the profane servitor!
The profane servitor is almost destroyed.
Your +5 spectral demon whip misses the profane servitor.
The profane servitor hits you but does no damage.
You block the profane servitor's attack.
You whack the profane servitor!
The profane servitor is almost destroyed.
Your +5 spectral demon whip hits the profane servitor.
You barely miss the profane servitor.
The profane servitor is almost destroyed.
Your +5 spectral demon whip hits the profane servitor.
The profane servitor hits you with a +2 whip!
You block the profane servitor's attack.
You whack the profane servitor!
You destroy the profane servitor!
Your +5 spectral demon whip disappears.
You now have 2052 gold pieces (gained 7).
You see here a +2 whip.
(D) Dungeon (T) Temple (L) Lair (S) Swamp (P) Snake Pit (M) Slime Pits (O) Orcish Mines (E) Elven Halls (V) Vaults (C) Crypt (W) Tomb (U) Depths (H) Hell (Z) Zot
Where to? (Enter - D:1, ? - help)
What level of the Dungeon? (default 1, ? - help) HP restored.
There is a stone staircase leading up here.
You climb upwards.
There is a stone staircase leading down here.
There is a stone staircase leading up here.
You climb upwards.
There is a stone staircase leading down here.
There is a stone staircase leading up here.
You climb upwards.
There is a stone staircase leading down here.
A Brimstone Fiend comes into view.
There is a staircase leading out of the dungeon here.
You have escaped!

#.....§§§§§...## ##############
......§§§(.....#####............#
..[.####§.......##...##########.#
..### ###......###..##### #.# .##
##......##......# #.# ##
##.....##..###.# #.# #
#.....##..###.## #.# #
##....##.......# #.#
#...@8#..###..# #.#
#....##.......# #.# #
##...1##..##...# #.# #
#.....##..##...#####.# ##
##.....##.............# .##
##.....#######.....##### ..###
###§§§...# #.......#
....####§§§§...## ###.###.#.#
#.......§§.(§.## #.....#.#.#


You could see a Brimstone Fiend.

Vanquished Creatures
  the Royal Jelly (Slime:5)
  6 dread liches
  6 ancient liches
  Khufu (Crypt:2)
  3 orbs of fire
  A royal mummy (Crypt:3)
  Josephina (Depths:4)
  2 Killer Klowns
  5 curse toes
  Nikola (Snake:3)
  A caustic shrike (shapeshifter) (Vaults:4)
  the Enchantress (Depths:1)
  6 golden dragons
  A profane servitor (D:4)
  4 bone dragons
  An electric golem (Zot:1)
  18 tentacled monstrosities
  9 liches
  3 walking earthen tomes
  Jorgrun (Swamp:1)
  Asterion (Depths:1)
  Mlioglotl (Swamp:4)
  2 deep elf blademasters
  A shard shrike skeleton (Abyss:3)
  12 quicksilver dragons
  2 walking divine tomes
  11 Orb Guardians
  A deep elf master archer (Elf:3)
  5 sphinxes
  13 acid blobs
  Frances (Swamp:1)
  7 ancient champions
  3 titans
  An Executioner (D:11)
  13 death cobs
  An eldritch tentacle (Abyss:4)
  21 shadow dragons
  10 tengu reavers
  12 tentacled starspawn
  2 thorn hunters
  Donald (Snake:3)
  8 azure jellies (Slime:5)
  2 revenants
  19 storm dragons
  6 nagarajas (Snake:4)
  7 draconian monks
  6 fire giants
  5 rockslimes
  22 vault wardens
  3 balrugs
  14 deep elf sorcerers
  A ghost moth (Zot:2)
  7 draconian knights
  7 draconian scorchers
  8 frost giants
  A shard shrike simulacrum (Abyss:4)
  9 ghouls
  4 iron dragons
  3 draconian shifters
  5 deep elf elementalists (Elf:3)
  A quicksilver ooze (shapeshifter) (Depths:1)
  7 spriggan defenders
  2 war gargoyles
  An orc warlord (Vaults:1)
  4 draconian stormcallers
  A cacodemon (D:9)
  4 curse skulls
  17 very ugly things
  A demonspawn corrupter (D:15)
  28 ironbound preservers
  9 quicksilver oozes
  3 reapers
  A caustic shrike skeleton (Abyss:4)
  8 stone giants
  2 draconian annihilators
  A demonspawn black sun (D:15)
  6 vampire knights
  7 eleionomae
  14 red draconians
  3 ironbound thunderhulks
  The ghost of ruby the Fighter, a journeyman DsGl of Makhleb (Lair:3)
  8 white draconians
  11 yellow draconians
  19 dire elephants
  4 deep elf demonologists
  A spark wasp (shapeshifter) (Vaults:4)
  9 purple draconians
  9 green draconians
  8 black draconians
  A wendigo (Depths:1)
  10 deep elf annihilators
  2 lorocyprocas
  3 bunyips
  7 spark wasps
  10 ettins
  The ghost of zen1337 the Thaumaturge, a journeyman DsCj of Vehumet (Orc:2)
  2 blizzard demons (Depths:3)
  3 eidola
  6 fire dragons
  A green death (Abyss:3)
  A crystal guardian (Vaults:2)
  11 deep elf death magi
  10 great orbs of eyes
  10 deep elf high priests
  10 yaktaur captains
  2 entropy weavers (Vaults:4)
  A shambling mangrove (Swamp:2)
  7 jiangshi
  4 salamander tyrants
  20 hydras
  12 ice dragons
  4 ghost crabs
  A peacekeeper (Vaults:2)
  33 vault guards
  8 ironbound frosthearts
  A merfolk avatar (Lair:5)
  A juggernaut simulacrum (Depths:4)
  A rakshasa (Abyss:4)
  7 ogre magi
  9 spriggan air magi
  3 boulder beetles
  5 anacondas
  A death knight (Crypt:3)
  5 deep troll shamans
  A two-headed ogre (shapeshifter) (Vaults:5)
  5 alligators
  11 death yaks
  A catoblepas (Lair:5)
  15 naga warriors
  9 dancing weapons
  6 hell hogs
  17 centaur warriors
  25 two-headed ogres
  4 vampire magi
  10 shock serpents
  4 deep troll earth magi
  A titan zombie (Crypt:1)
  6 thrashing horrors (Abyss:4)
  9 spriggan berserkers
  22 tengu warriors
  7 naga sharpshooters
  10 spriggans
  14 deep elf knights
  16 hell knights
  An orc high priest (Elf:2)
  Nergalle (Lair:3)
  11 iron trolls
  7 wretched stars
  6 soul eaters
  A titan skeleton (Abyss:3)
  2 skysharks
  A sixfirhy (Abyss:3)
  7 sun demons
  A death drake (Zot:4)
  19 skeletal warriors
  7 salamander mystics
  A spatial maelstrom (Abyss:4)
  A storm dragon skeleton (Crypt:1)
  2 sea snakes
  2 quicksilver dragon simulacra
  4 flayed ghosts
  4 glowing orange brains
  2 spriggan druids
  4 swamp dragons
  4 goliath frogs
  5 shadow wraiths
  62 deep trolls
  2 orange crystal statues
  8 bog bodies
  3 shadow demons
  17 deep elf archers
  5 spriggan simulacra
  7 phantasmal warriors
  An obsidian statue (IceCv)
  10 naga ritualists
  23 ironbound convokers
  8 lindwurms
  38 deep elf pyromancers
  30 deep elf zephyrmancers
  10 necromancers
  A steelbarb worm (shapeshifter) (Vaults:5)
  3 harpies (Lair:5)
  12 mana vipers
  An iron giant skeleton (Crypt:3)
  10 wizards
  An orc sorcerer (Elf:2)
  A goliath frog zombie (Crypt:2)
  A wolf spider (shapeshifter) (D:13)
  3 tengu skeletons
  2 cyclopes
  3 orc knights
  A cyclops (shapeshifter) (Vaults:5)
  A fire giant zombie (Vaults:4)
  A salamander (shapeshifter) (Depths:4)
  2 wolf spiders (Lair:4)
  35 ugly things
  19 salamanders
  A manticore (D:14)
  3 shining eyes
  6 will-o-the-wisps
  8 elephants
  24 vault sentinels
  3 worldbinders
  An elephant (shapeshifter) (Vaults:5)
  22 moths of wrath
  A moth of wrath (shapeshifter) (Depths:3)
  A stone giant skeleton (Crypt:1)
  37 black mambas
  An apocalypse crab (Abyss:4)
  3 rust devils
  An ice statue (Depths:3)
  3 eyes of devastation
  Joseph (D:8)
  21 naga magi
  3 torpor snails
  5 smoke demons
  3 orange demons
  2 storm dragon simulacra (Depths:4)
  A titan simulacrum (Vaults:4)
  5 guardian serpents
  A demonic crawler (Abyss:4)
  A naga skeleton (Abyss:2)
  A gargoyle (D:13)
  8 cane toads
  A kobold demonologist (Abyss:3)
  12 ancient zymes
  20 yaktaurs
  A yaktaur (shapeshifter) (Abyss:4)
  A golden dragon simulacrum (IceCv)
  A purple draconian zombie (Crypt:1)
  6 ice devils
  A black draconian skeleton (Crypt:3)
  3 harpy zombies (Abyss:3)
  10 komodo dragons
  23 freezing wraiths
  2 anaconda simulacra (Swamp:3)
  5 rime drakes
  A komodo dragon (shapeshifter) (Vaults:5)
  A redback zombie (Crypt:1)
  2 efreet
  8 tengu conjurers
  A guardian mummy (Crypt:3)
  A yaktaur skeleton (Vaults:1)
  3 hellwings (Abyss:2)
  A yellow draconian skeleton (Crypt:2)
  A green draconian skeleton (Crypt:2)
  2 wind drakes (Lair:5)
  4 polar bears
  A white draconian skeleton (Crypt:2)
  A tengu simulacrum (Depths:4)
  3 meliai (D:13)
  4 trolls
  13 hornets
  8 tyrant leeches
  A moth of wrath zombie (Crypt:2)
  A wind drake (shapeshifter) (Depths:2)
  36 blink frogs
  25 large abominations
  8 raiju
  A raiju (shapeshifter) (D:15)
  A death drake zombie (Crypt:2)
  3 harpy skeletons
  A fire giant simulacrum (Depths:1)
  39 slime creatures
  4 wyverns
  4 air elementals
  5 shadows
  6 flying skulls
  50 yaks
  5 wraiths
  A vampire (D:12)
  4 dire elephant simulacra
  6 fire bats
  6 ynoxinuls
  A human (shapeshifter) (D:13)
  54 starcursed masses
  3 water elementals
  6 basilisks
  14 chaos spawn
  An alligator snapping turtle simulacrum (Abyss:3)
  A golden eye (Slime:3)
  A redback (shapeshifter) (Depths:2)
  5 minotaur simulacra (IceCv)
  A golden eye (shapeshifter) (Abyss:4)
  5 neqoxecs
  5 swamp worm simulacra (Swamp:4)
  2 steam dragons
  26 vampire mosquitoes
  2 ettin skeletons
  2 human simulacra (Vaults:1)
  4 fire elementals
  A glowing shapeshifter zombie (Depths:1)
  13 small abominations
  2 wargs (Orc:1)
  3 harpy simulacra
  18 swamp worms
  54 nagas
  16 hydra simulacra
  An ogre zombie (Vaults:4)
  A swamp worm (shapeshifter) (Vaults:5)
  11 water moccasins
  A two-headed ogre skeleton (Crypt:3)
  A swamp drake (Swamp:3)
  4 floating eyes
  A floating eye (shapeshifter) (Abyss:4)
  3 ice beasts
  A water nymph skeleton (Crypt:1)
  22 orc warriors
  An ice beast (shapeshifter) (D:13)
  A dream sheep zombie (Crypt:2)
  3 ettin simulacra (Depths:3)
  3 alligator simulacra
  A black bear (shapeshifter) (D:14)
  4 black bears
  9 centaurs
  22 ogres
  7 wolves
  A snapping turtle skeleton (Crypt:2)
  5 phantoms
  The ghost of TwoHeadsTalk the Caller, an amateur OpSu (D:3)
  A vine stalker zombie (Crypt:3)
  8 bullfrogs
  2 kobold brigands
  A cyclops zombie (Crypt:2)
  A komodo dragon zombie (Crypt:3)
  4 gnoll sergeants
  5 scorpions
  3 deep troll simulacra (IceCv)
  4 necrophages
  A cane toad simulacrum (Lair:3)
  An elf skeleton (Crypt:1)
  A glowing shapeshifter simulacrum (Vaults:4)
  4 water moccasin zombies (Ossuary)
  A jelly (D:6)
  12 wights
  A lindwurm simulacrum (IceCv)
  A blink frog simulacrum (Lair:3)
  2 elephant simulacra (Lair:3)
  A spriggan skeleton (Crypt:3)
  2 electric eels (Lair:2)
  2 howler monkeys (D:7)
  3 lava snakes (Lair:2)
  3 quasits (Orc:2)
  9 hounds
  A bullfrog skeleton (Crypt:1)
  17 orc priests
  An iguana (D:5)
  2 iron imps
  4 gnoll boudas
  32 orc wizards
  A deep dwarf zombie (Crypt:1)
  A hound skeleton (Crypt:2)
  16 mummies
  34 gnolls
  An adder (shapeshifter) (Elf:1)
  7 adders
  A shadow imp (D:5)
  4 white imps
  5 ufetubi
  2 swamp drake simulacra (Swamp:4)
  4 adder zombies (Ossuary)
  A lava snake zombie (Crypt:1)
  2 worms (D:3)
  4 dart slugs
  78 orcs
  11 bats
  6 endoplasms
  5 giant cockroaches
  3 gnoll zombies (Ossuary)
  9 goblins
  5 hobgoblins
  14 kobolds
  3 quokkas (D:2)
  7 ball pythons
  3 frilled lizards
  6 hobgoblin zombies (Ossuary)
  5 kobold zombies (Ossuary)
  5 orc zombies (Ossuary)
  5 rats
  A spectral weapon (Zot:2)
  4 starspawn tentacles
2582 creatures vanquished.

Vanquished Creatures (collateral kills)
  A Killer Klown (Zot:5)
  5 Orb Guardians (Zot:5)
  A quicksilver dragon (Zot:5)
  An angel (Zot:5)
  A two-headed ogre (D:9)
  A shadow demon (Zot:5)
  A gnoll (D:3)
11 creatures vanquished.

Vanquished Creatures (others)
  4 Orb Guardians (Zot:5)
  2 fire giants (Depths:3)
  A draconian shifter (Zot:5)
  A draconian scorcher (Zot:5)
  A ghost moth (Zot:3)
  A draconian stormcaller (Zot:5)
  A draconian annihilator (Zot:5)
  2 green draconians (Zot:5)
  2 white draconians (Zot:5)
  A dancing weapon (Elf:2)
  A deep elf knight (Elf:2)
  A goliath frog (Swamp:1)
  A quicksilver dragon simulacrum (Depths:3)
  A spriggan simulacrum (Depths:1)
  A deep elf archer (Elf:2)
  A deep elf pyromancer (Elf:2)
  A deep elf zephyrmancer (Elf:1)
  A toenail golem (Zot:5)
  A golden dragon simulacrum (Depths:1)
  A hornet (Swamp:4)
  4 bloated husks
  A tyrant leech (Swamp:2)
  2 water elementals
  2 chaos spawn
  An ettin simulacrum (Depths:3)
  A sky beast zombie (Crypt:3)
  A swamp drake simulacrum (Swamp:4)
  2 orcs (Orc:1)
  24 foxfires
  86 spectral weapons
  32 starspawn tentacles
182 creatures vanquished.

Grand Total: 2775 creatures vanquished

Notes
Turn   | Place    | Note
-------+----------+-------------------------------------------
     0 | D:1      | Amplified the Mummy Gladiator began the quest for the Orb.
     0 | D:1      | Reached XP level 1. HP: 16/16 MP: 1/1
   122 | D:1      | Reached XP level 2. HP: 13/22 MP: 2/2
   285 | D:1      | Found a faded altar of an unknown god.
   873 | D:2      | Reached skill level 1 in Armour
   876 | D:2      | Identified the +0 robe "Hogheuh" {rElec}
   887 | D:2      | Noticed a phantom
   904 | D:2      | Killed a phantom
   905 | D:2      | Reached skill level 3 in Fighting
   905 | D:2      | Gained mutation: You are in touch with the powers of death.
                  | [Mummy growth]
   905 | D:2      | Reached XP level 3. HP: 15/29 MP: 3/3
   905 | D:2      | Reached XP level 4. HP: 19/35 MP: 4/4
  1153 | D:2      | Found Gedu's Antique Weapon Shoppe.
  1212 | D:2      | Reached XP level 5. HP: 36/41 MP: 5/5
  1664 | D:3      | Found a transporter.
  1664 | D:3      | Found a transporter.
  1683 | D:3      | Noticed TwoHeadsTalk's ghost (amateur OpSu)
  1756 | D:3      | Learned a level 1 spell: Summon Small Mammal
  2429 | D:4      | Reached skill level 1 in Spellcasting
  2429 | D:4      | Reached XP level 6. HP: 41/48 MP: 5/8
  2505 | D:4      | Reached skill level 4 in Fighting
  2505 | D:4      | Reached skill level 1 in Axes
  2539 | D:4      | Found Utis's Neck Hole.
  2636 | D:4      | Found a sand-covered staircase.
  2742 | Ossuary  | Entered an ossuary
  2790 | Ossuary  | Reached XP level 7. HP: 49/55 MP: 10/10
  3872 | D:5      | Entered Level 5 of the Dungeon
  3941 | D:5      | Reached skill level 5 in Fighting
  4089 | D:5      | Reached XP level 8. HP: 52/62 MP: 11/11
  4770 | D:5      | Reached skill level 6 in Fighting
  5122 | D:4      | Bought a scarf of resistance for 384 gold pieces
  5220 | D:6      | Reached XP level 9. HP: 70/70 MP: 12/12
  5621 | D:6      | Reached skill level 5 in Armour
  6663 | D:7      | Reached skill level 5 in Dodging
  6672 | D:7      | Reached skill level 7 in Fighting
  6890 | D:7      | Reached skill level 5 in Axes
  7176 | D:7      | Found a staircase to the Ecumenical Temple.
  7338 | Temple   | Entered the Ecumenical Temple
  7820 | D:8      | Noticed a two-headed ogre
  7823 | D:8      | Found Gifeeh's Assorted Antiques.
  7824 | D:9      | Noticed a two-headed ogre
  7829 | D:9      | Killed a two-headed ogre
  7830 | D:9      | Reached XP level 10. HP: 65/80 MP: 13/13
  8127 | D:9      | Reached skill level 8 in Fighting
  8955 | D:8      | Found Xibrarph's Weapon Shoppe.
  8957 | D:8      | Noticed Joseph
  8972 | D:8      | Killed Joseph
  9076 | D:8      | Killed a two-headed ogre
  9355 | D:8      | Found Toelifup's General Store.
  9683 | D:8      | Found Xisiludgh's General Store.
  9706 | D:8      | Bought a scroll labelled PILLUACOSE for 31 gold pieces
  9726 | D:8      | Found a staircase to the Lair.
 10403 | D:3      | Killed TwoHeadsTalk's ghost
 10677 | D:9      | Reached skill level 9 in Fighting
 10677 | D:9      | Reached XP level 11. HP: 56/89 MP: 14/14
 11202 | D:10     | Entered Level 10 of the Dungeon
 11202 | D:10     | Noticed a two-headed ogre
 11510 | D:10     | Found a burning altar of Makhleb.
 11514 | D:10     | Found a shadowy altar of Dithmenos.
 11515 | D:10     | Found an ornate altar of the Wu Jian Council.
 11516 | D:10     | Found an opulent altar of Gozag.
 11517 | D:10     | Found a broken altar of Ashenzari.
 11517 | D:10     | Found a snail-covered altar of Cheibriados.
 11520 | D:10     | Found a shimmering altar of Xom.
 11521 | D:10     | Became a worshipper of Gozag Ym Sagoz the Greedy
 11534 | D:10     | Found a radiant altar of Vehumet.
 11909 | D:11     | Noticed a two-headed ogre
 11922 | D:11     | Killed a two-headed ogre
 12427 | D:11     | Noticed a two-headed ogre
 12428 | D:11     | Noticed a purple ugly thing
 12543 | D:11     | Found a portal to a secret trove of treasure.
 12593 | D:11     | Noticed a two-headed ogre
 12601 | D:11     | Killed a two-headed ogre
 12630 | D:11     | Noticed a skeletal warrior
 12630 | D:11     | Noticed a skeletal warrior
 12630 | D:11     | Noticed a skeletal warrior
 12681 | D:10     | Reached skill level 10 in Fighting
 12700 | D:10     | Identified the ring of Daffodils {rC++ Will- MP+9 Dex+4}
 12776 | D:10     | Noticed a two-headed ogre
 12786 | D:10     | Killed a two-headed ogre
 12828 | D:10     | Killed a two-headed ogre
 13242 | D:11     | Killed a purple ugly thing
 13439 | D:11     | Killed a two-headed ogre
 13454 | D:12     | Reached skill level 11 in Fighting
 13503 | D:12     | Noticed a deep elf pyromancer
 13629 | D:13     | Found a gate to the Vaults.
 13631 | D:13     | a merfolk changed into a lindwurm
 13631 | D:13     | Noticed a lindwurm (glowing shapeshifter)
 13647 | D:13     | a faun changed into a skyshark
 13647 | D:13     | Noticed a skyshark (glowing shapeshifter)
 13658 | D:13     | Found a gate leading to a gauntlet.
 13785 | Gauntlet | Entered a Gauntlet
 13785 | Gauntlet | Found a transporter.
 13797 | Gauntlet | Found a transporter.
 13811 | Gauntlet | Found a transporter.
 13816 | Gauntlet | Found a transporter.
 13830 | Gauntlet | Noticed an orange crystal statue
 13831 | Gauntlet | Found a transporter.
 13847 | Gauntlet | Noticed a reaper
 13850 | Gauntlet | Found a transporter.
 13862 | Gauntlet | Found a transporter.
 13872 | Gauntlet | Noticed a glowing orange brain
 13874 | Gauntlet | Found a transporter.
 13877 | Gauntlet | Noticed a glowing orange brain
 13882 | Gauntlet | Noticed a white ugly thing
 13886 | Gauntlet | Found a transporter.
 13894 | Gauntlet | Found a large runed translucent door.
 13895 | Gauntlet | Found a large runed translucent door.
 13895 | Gauntlet | Noticed a glowing orange brain
 13896 | Gauntlet | Found a large runed translucent door.
 13896 | Gauntlet | Found a large runed translucent door.
 13896 | Gauntlet | Noticed a cyan ugly thing
 13897 | Gauntlet | Found a runed translucent gate.
 13898 | Gauntlet | Found a transporter.
 13898 | Gauntlet | Found a runed translucent gate.
 13899 | Gauntlet | Found a runed translucent gate.
 13900 | Gauntlet | Found a large runed translucent door.
 13900 | Gauntlet | Found a large runed translucent door.
 13901 | Gauntlet | Found a large runed translucent door.
 13902 | Gauntlet | Found a large runed translucent door.
 13911 | Gauntlet | Found a large runed translucent door.
 13911 | Gauntlet | Found a large runed translucent door.
 13911 | Gauntlet | Found a runed translucent door.
 13911 | Gauntlet | Found a runed translucent door.
 13912 | Gauntlet | Found a large runed translucent door.
 13913 | Gauntlet | Found a large runed translucent door.
 13915 | Gauntlet | Found a transporter.
 13923 | Gauntlet | Found a large runed translucent door.
 13923 | Gauntlet | Found a large runed translucent door.
 13924 | Gauntlet | Found a large runed translucent door.
 13925 | Gauntlet | Found a large runed translucent door.
 13933 | Gauntlet | Found a transporter.
 13937 | Gauntlet | Found a transporter.
 13963 | Gauntlet | Found a transporter.
 13965 | Gauntlet | Found a transporter.
 14061 | Gauntlet | Found a transporter.
 14066 | Gauntlet | Noticed a hell beast
 14081 | Gauntlet | Found a transporter.
 14250 | Gauntlet | Found a transporter.
 14526 | Gauntlet | Killed a cyan ugly thing
 14591 | Gauntlet | Identified the +6 triple crossbow "Hydraslayer" {heavy,
                  | Int+6}
 14591 | Gauntlet | Noticed a minotaur
 14799 | D:12     | Killed a deep elf pyromancer
 14800 | D:12     | Reached XP level 12. HP: 59/100 MP: 15/15
 15101 | D:12     | Found a snail-covered altar of Cheibriados.
 15143 | D:12     | Found a staircase to the Orcish Mines.
 15620 | Lair:1   | Entered Level 1 of the Lair of Beasts
 15727 | Lair:1   | Reached skill level 12 in Fighting
 16759 | Lair:2   | Noticed a death yak
 16759 | Lair:2   | Noticed a death yak
 16759 | Lair:2   | Noticed a death yak
 16759 | Lair:2   | Noticed a death yak
 16759 | Lair:2   | Noticed a death yak
 16772 | Lair:1   | Killed a death yak
 17090 | Lair:1   | HP: 5/103 [death yak (12)]
 17091 | Lair:1   | Killed a death yak
 17379 | Lair:2   | Reached skill level 13 in Fighting
 17467 | Lair:2   | Found a staircase to the Swamp.
 17681 | Lair:2   | Identified the +9 whip "Mypp" {elec, Dex+3 Stlth+}
 17758 | Lair:2   | Found a staircase to the Snake Pit.
 18189 | Lair:2   | Got the Parchment of Ozone
 18257 | Lair:3   | Noticed an eight-headed hydra
 18385 | Lair:2   | Killed an eight-headed hydra
 18934 | Lair:1   | Killed a death yak
 18953 | Lair:1   | Killed a death yak
 18954 | Lair:1   | Reached skill level 1 in Shields
 19094 | Lair:2   | Killed a death yak
 19095 | Lair:2   | Gained mutation: You are strongly in touch with the powers
                  | of death. [Mummy growth]
 19095 | Lair:2   | Reached XP level 13. HP: 112/112 MP: 16/16
 19554 | Lair:3   | Noticed ruby's ghost (journeyman DsGl)
 19604 | Lair:3   | Noticed Snorg
 19934 | Lair:3   | Found a runed translucent gate.
 19935 | Lair:3   | Found a runed translucent gate.
 19936 | Lair:3   | Found a runed translucent gate.
 20095 | Lair:3   | Reached skill level 14 in Fighting
 20115 | Lair:3   | Noticed Nergalle
 20195 | Lair:3   | Killed Nergalle
 20480 | Lair:3   | Found a snail-covered altar of Cheibriados.
 20999 | Lair:3   | Reached skill level 5 in Maces & Flails
 21862 | Lair:4   | Reached skill level 15 in Fighting
 22176 | Lair:5   | Entered Level 5 of the Lair of Beasts
 23417 | D:13     | Found a broken altar of Ashenzari.
 23527 | D:13     | Reached skill level 5 in Shields
 24424 | Orc:1    | Entered Level 1 of the Orcish Mines
 24447 | D:12     | Bought a fine turquoise ring for 205 gold pieces
 24447 | D:12     | Identified the ring of Jahe Rannim {rF- Will+++ Str+3 Int-4
                  | SInv} (You bought it in a shop on level 12 of the Dungeon)
 24447 | D:12     | Bought a bound marble ring for 205 gold pieces
 24447 | D:12     | Identified the ring "Qippien" {rF+ Str+2 Int+6} (You bought
                  | it in a shop on level 12 of the Dungeon)
 24479 | D:12     | Bought a pair of embroidered boots for 307 gold pieces
 24741 | Orc:1    | Reached skill level 16 in Fighting
 24906 | Orc:1    | Noticed an ettin
 24911 | Orc:1    | Killed an ettin
 25011 | Orc:2    | Entered Level 2 of the Orcish Mines
 25068 | Orc:1    | Reached XP level 14. HP: 115/125 MP: 17/17
 25389 | Orc:2    | Found a transporter.
 25427 | Orc:2    | Noticed zen1337's ghost (journeyman DsCj)
 25473 | Orc:2    | Reached skill level 1 in Evocations
 26069 | Orc:2    | Found Colakuta's Magic Scroll Shop.
 26069 | Orc:2    | Found Sososuta's Distillery.
 26069 | Orc:2    | Found Soxzummu's Assorted Antiques.
 26069 | Orc:2    | Found Inguchy's Book Shop.
 26280 | Orc:2    | Bought a scroll of teleportation for 48 gold pieces
 26280 | Orc:2    | Bought a scroll of magic mapping for 120 gold pieces
 26280 | Orc:2    | Bought a scroll of fog for 64 gold pieces
 26348 | Orc:2    | Found a staircase to the Elven Halls.
 26353 | Orc:2    | Found Musch's Armour Emporium.
 26671 | Orc:2    | Found a transporter.
 27213 | Orc:2    | Bought a bloodstained war axe for 306 gold pieces
 27213 | Orc:2    | Identified the +7 war axe "Biciywac" {holy, MP+9 Stlth+}
                  | (You bought it in a shop on level 2 of the Orcish Mines)
 28297 | Lair:5   | Reached skill level 17 in Fighting
 28917 | Lair:5   | Reached skill level 5 in Evocations
 29464 | Lair:5   | Found the +8 trident of the Octopus King {venom, rElec
                  | rPois}
 29465 | Lair:5   | Found the +3 robe of Clouds {*Thunder rCloud rElec}
 29480 | Lair:5   | Reached XP level 15. HP: 134/134 MP: 18/18
 29513 | Lair:5   | Identified the +3 ring mail of Utapniheo {*Corrode rElec
                  | rF+ Will+++ Regen+}
 29531 | Lair:5   | Identified the staff of death "Toes" {Fly rElec rN+ Dex+2}
 29782 | Lair:5   | Found a staircase to the Slime Pits.
 30914 | D:14     | Identified a scroll of acquirement
 30944 | D:14     | Acquired the +5 pair of boots of the Big Bang {Str+3 Int+2}
 31526 | D:15     | Entered Level 15 of the Dungeon
 31650 | D:15     | Acquired the +0 pair of gloves of Incorporation {rF+ rN+
                  | rCorr}
 32001 | D:15     | Found a staircase to the Depths.
 32161 | D:15     | Found an opulent altar of Gozag.
 32580 | D:15     | Acquired 273 gold pieces
 32799 | Orc:2    | Killed zen1337's ghost
 33222 | Lair:3   | Killed ruby's ghost
 33223 | Lair:3   | Reached skill level 18 in Fighting
 33223 | Lair:3   | Reached skill level 10 in Maces & Flails
 33487 | Elf:1    | Entered Level 1 of the Elven Halls
 33540 | Elf:1    | Noticed a deep elf sorcerer
 33571 | Orc:2    | Killed a deep elf sorcerer
 34063 | Elf:1    | Identified the +5 trident "Cookie Cutter" {heavy, rF+}
 34100 | Elf:1    | Reached XP level 16. HP: 116/144 MP: 19/19
 34205 | Elf:1    | Got the Commentary on the Missiles
 34620 | Elf:1    | Found a radiant altar of Vehumet.
 34627 | Elf:1    | Paralysed by an air elemental for 1 turns
 34910 | Elf:1    | Paralysed by an air elemental for 1 turns
 36010 | Elf:2    | Reached skill level 19 in Fighting
 36223 | Elf:2    | Identified the +5 plate armour of the Volcano {Str+3}
 36425 | Elf:2    | Found a runed translucent gate.
 36425 | Elf:2    | Found a runed translucent gate.
 36425 | Elf:2    | Found a runed translucent gate.
 36704 | Elf:3    | Entered Level 3 of the Elven Halls
 36755 | Elf:3    | Got the Elucidation of Changed Jinxing
 36875 | Elf:3    | Paralysed by an air elemental for 1 turns
 36906 | Elf:3    | Reached skill level 10 in Armour
 37157 | D:12     | Bought a bloodstained cloak for 361 gold pieces
 37157 | D:12     | Identified the +0 cloak of a Thousand Lives {rElec Int+3}
                  | (You bought it in a shop on level 12 of the Dungeon)
 37292 | Snake:1  | Entered Level 1 of the Snake Pit
 38120 | Snake:1  | Found Heryrch's Assorted Antiques.
 38122 | Snake:1  | Bought a scroll of blinking for 277 gold pieces
 38122 | Snake:1  | Bought a scroll of enchant armour for 277 gold pieces
 38122 | Snake:1  | Bought a scroll of magic mapping for 277 gold pieces
 38147 | Snake:1  | Reached skill level 10 in Dodging
 38164 | Snake:1  | Bought a wand of iceblast (4) for 355 gold pieces
 38164 | Snake:1  | Bought a wand of paralysis (5) for 444 gold pieces
 38379 | Snake:1  | Reached XP level 17. HP: 98/153 MP: 11/20
 39891 | Snake:2  | Found Buemn's Distillery.
 39933 | Snake:2  | Got Buizor's Reference Book on Open Graves
 40331 | Snake:3  | Reached skill level 10 in Evocations
 40908 | Snake:3  | Found Refiulat's Jewellery Emporium.
 40941 | Snake:3  | Noticed Donald
 40949 | Snake:3  | Killed Donald
 41018 | Snake:4  | Entered Level 4 of the Snake Pit
 41182 | Snake:4  | Identified the +2 war axe "Embalmer" {vamp, Str+3 Int+6}
 42264 | Snake:3  | Noticed Nikola
 42282 | Snake:3  | Killed Nikola
 42615 | Snake:4  | Reached skill level 20 in Fighting
 43463 | Snake:4  | Reached XP level 18. HP: 162/162 MP: 21/21
 44067 | Snake:4  | Got a serpentine rune of Zot
 44361 | Swamp:1  | Entered Level 1 of the Swamp
 44363 | Swamp:1  | Noticed Frances
 44532 | Vaults:1 | Entered Level 1 of the Vaults
 45596 | Elf:3    | Identified the +9 scimitar "Zewi" {holy, rPois Stlth+}
 45596 | Elf:3    | Identified the orb of Dramatic Exits {*Rage, rElec rF+
                  | SInv}
 46114 | Elf:3    | Identified the amulet "Waad" {Reflect Harm rF+ Dex+2 SH+5}
 46223 | Elf:3    | Identified the +9 quarterstaff of Greatest Utility {speed,
                  | rElec}
 46359 | Elf:3    | Identified the +2 scimitar "Cykae" {freeze, rElec rPois
                  | Str-3 Int+4}
 46435 | Elf:3    | Reached skill level 21 in Fighting
 46724 | D:12     | Bought a smoking helmet for 304 gold pieces
 46724 | D:12     | Identified the +1 helmet of the First Knaves {rF+ rC+
                  | Str+3} (You bought it in a shop on level 12 of the Dungeon)
 46735 | D:12     | Bought a steaming cloak for 304 gold pieces
 46735 | D:12     | Identified the +0 cloak of Tiyts {rC+ Will+ Str-2 Dex+3}
                  | (You bought it in a shop on level 12 of the Dungeon)
 46924 | Swamp:1  | Killed Frances
 46996 | Swamp:1  | Identified the +0 robe "Coryih" {-Cast Will+ rCorr Str+7}
 47069 | Swamp:1  | Noticed Jorgrun
 47087 | Swamp:1  | Killed Jorgrun
 48209 | Swamp:2  | Found the +5 Lochaber axe {reach-cleave, Poleaxe Drain}
 48226 | Swamp:2  | Reached XP level 19. HP: 169/172 MP: 22/22
 48963 | Snake:3  | Bought the ring "Rianuyra" {+Blink Str+2 Int+6 Slay+5} for
                  | 1579 gold pieces
 49131 | Swamp:3  | Found a frozen archway.
 49147 | Swamp:4  | Entered Level 4 of the Swamp
 49201 | Swamp:4  | Reached skill level 10 in Shields
 49449 | IceCv    | Entered an ice cave
 50211 | Swamp:3  | Learned a level 3 spell: Frozen Ramparts
 51244 | Swamp:4  | Noticed Mlioglotl
 51268 | Swamp:4  | Killed Mlioglotl
 51487 | Swamp:4  | Reached skill level 5 in Spellcasting
 51681 | Swamp:4  | Got a decaying rune of Zot
 53423 | Vaults:1 | Reached XP level 20. HP: 174/182 MP: 32/32
 54323 | Vaults:2 | Reached skill level 22 in Fighting
 54352 | Vaults:2 | Reached skill level 10 in Spellcasting
 54694 | Vaults:2 | Found Bekliaq's Armour Shoppe.
 54729 | Vaults:2 | Found Xonihini's Distillery.
 55529 | Vaults:2 | Found Riulonuz's Weapon Boutique.
 56912 | Vaults:3 | Found a staircase to the Crypt.
 57010 | Vaults:3 | Reached XP level 21. HP: 134/190 MP: 37/37
 57176 | Vaults:3 | Noticed Mennas
 57973 | Vaults:4 | Found Liolaet's Armour Boutique.
 58243 | Vaults:4 | Identified the ring "Nuypp" {rN+ Will+ Dex+6 SInv Stlth+}
 58254 | Vaults:4 | Identified the amulet of Xumoray {Acrobat Harm}
 58261 | Vaults:4 | Identified the +8 whip of the Saviour {freeze, Str+2 Int+2
                  | Stlth-}
 58571 | Vaults:4 | Reached skill level 15 in Shields
 58640 | Vaults:4 | Identified the +2 pair of boots of Etavena {rF++}
 58876 | Vaults:4 | Found Basaxt's General Store.
 58883 | Vaults:4 | Bought a scroll of fog for 76 gold pieces
 58883 | Vaults:4 | Bought a scroll of blinking for 142 gold pieces
 58883 | Vaults:4 | Bought a scroll of magic mapping for 142 gold pieces
 58883 | Vaults:4 | Bought a wand of iceblast (6) for 273 gold pieces
 59115 | Vaults:4 | Found Tijyfyos's Distillery.
 59206 | Vaults:4 | Found Jogroizu's Antique Armour Shoppe.
 59211 | Vaults:4 | Bought a shiny kite shield for 292 gold pieces
 59374 | Vaults:4 | Acquired 446 gold pieces
 59427 | Crypt:1  | Entered Level 1 of the Crypt
 59965 | Crypt:1  | Learned a level 4 spell: Summon Lightning Spire
 60697 | Crypt:2  | Reached skill level 1 in Air Magic
 60698 | Crypt:2  | Reached skill level 1 in Summonings
 61716 | Crypt:3  | Entered Level 3 of the Crypt
 61834 | Crypt:3  | Found a staircase to the Tomb.
 62301 | Crypt:3  | Noticed Sojobo
 62302 | Crypt:3  | Noticed a royal mummy
 62345 | Crypt:3  | Reached XP level 22. HP: 132/198 MP: 40/40
 62425 | Crypt:3  | Noticed a curse toe
 62576 | Crypt:3  | Noticed Khufu
 62633 | Crypt:2  | Killed Khufu
 62701 | Crypt:2  | Killed a curse toe
 63038 | Crypt:3  | Killed a royal mummy
 63234 | Crypt:3  | Paralysed by an air elemental for 1 turns
 63238 | Crypt:3  | Paralysed by an air elemental for 1 turns
 63240 | Crypt:3  | Paralysed by an air elemental for 1 turns
 63257 | Crypt:3  | Paralysed by an air elemental for 1 turns
 63365 | Crypt:3  | Noticed a dread lich
 63559 | Crypt:3  | Killed a dread lich
 63560 | Crypt:3  | Reached skill level 23 in Fighting
 63585 | Crypt:3  | Noticed an ancient lich
 63589 | Crypt:3  | Noticed a dread lich
 63970 | Crypt:3  | Killed a dread lich
 64049 | Crypt:3  | Killed an ancient lich
 64061 | Crypt:3  | Identified the ring "Goibami" {Will+ rCorr}
 64074 | Crypt:3  | Identified the staff of conjuration "Pired" {Str+2 Int-4
                  | Dex+3}
 64153 | Crypt:3  | Paralysed by an air elemental for 1 turns
 64267 | Crypt:3  | Paralysed by an air elemental for 1 turns
 64276 | Crypt:3  | Paralysed by an air elemental for 1 turns
 64283 | Crypt:3  | Paralysed by an air elemental for 1 turns
 64643 | Depths:1 | Entered Level 1 of the Depths
 64667 | Depths:1 | Found a one-way gateway to a ziggurat.
 64687 | Depths:1 | Noticed Asterion
 64704 | Depths:1 | Killed Asterion
 65087 | Depths:1 | Reached skill level 15 in Spellcasting
 65355 | Depths:1 | Found a one-way gate to the infinite horrors of the Abyss.
 65401 | Depths:1 | Found a gateway to a bazaar.
 65551 | Depths:1 | Reached skill level 5 in Summonings
 65560 | Depths:1 | Reached skill level 5 in Air Magic
 65589 | Depths:1 | Noticed the Enchantress
 65648 | Depths:1 | Killed the Enchantress
 65719 | Depths:1 | Found Big Baal Hell's Store.
 65737 | Depths:1 | Found a gateway to Hell.
 66569 | Depths:2 | Found a one-way gate leading to the halls of Pandemonium.
 66792 | Depths:2 | Found the +27 heavy crossbow "Sniper" {heavy, Acc+∞ SInv}
 66895 | Depths:2 | Identified the amulet of Xom's Attic {Drain Regen+ Str+4
                  | Dex+5}
 67138 | Depths:2 | Found the +3 pair of gauntlets of War {Slay+5}
 67445 | Depths:3 | Found a radiant altar of Vehumet.
 67573 | Depths:3 | Reached XP level 23. HP: 178/207 MP: 43/43
 67629 | Depths:3 | Found a blossoming altar of Fedhas.
 67652 | Depths:3 | Found a sparkling altar of Nemelex Xobeh.
 67897 | Depths:4 | Entered Level 4 of the Depths
 68028 | Depths:4 | Identified the staff of cold "Hevoqu" {*Corrode rElec rPois
                  | rC+ MP+9}
 68028 | Depths:4 | Identified the ring of Nuledgh {Ice Will+}
 68028 | Depths:4 | Noticed Josephina
 68054 | Depths:4 | Killed Josephina
 68170 | Depths:4 | Found a corrupted altar of Lugonu.
 68612 | Depths:4 | Found a gate to the Realm of Zot.
 68980 | Depths:4 | Found a sparkling altar of Nemelex Xobeh.
 69282 | Depths:3 | Reached skill level 24 in Fighting
 69621 | Depths:3 | Identified the +6 scale mail "Sietyike" {Will- Int+6}
 69824 | Depths:3 | HP: 4/209 [spriggan air mage/the air (14)]
 70214 | Depths:3 | Found an ornate altar of the Wu Jian Council.
 70782 | Depths:3 | Got Sif Muna's Parchment of the Boggart and Feathers
 70884 | Depths:3 | Identified the +2 chain mail of Kareun {Str+5 Int-3}
 71389 | Orc:2    | Bought a scroll of enchant weapon for 120 gold pieces
 71390 | Orc:2    | Bought a scroll of enchant weapon for 172 gold pieces
 71394 | Orc:2    | Bought a scroll of fear for 44 gold pieces
 71394 | Orc:2    | Bought 3 scrolls of fog for 132 gold pieces
 71394 | Orc:2    | Bought a scroll of teleportation for 33 gold pieces
 71394 | Orc:2    | Bought a scroll of enchant armour for 82 gold pieces
 72147 | Vaults:5 | Entered Level 5 of the Vaults
 72149 | Vaults:5 | Noticed an ancient lich
 72170 | Vaults:5 | Found Gusojoi's Distillery.
 72171 | Vaults:5 | Noticed an ancient lich
 72178 | Vaults:5 | Killed an ancient lich
 72179 | Vaults:5 | Reached XP level 24. HP: 207/218 MP: 44/44
 72189 | Vaults:5 | Found Ziminn Maiph's Distillery.
 72284 | Vaults:5 | Noticed a dread lich
 72287 | Vaults:5 | Reached skill level 1 in Ice Magic
 72294 | Vaults:5 | Killed a dread lich
 72329 | Vaults:5 | Noticed a dread lich
 72339 | Vaults:5 | Killed a dread lich
 72395 | Vaults:5 | Killed an ancient lich
 72603 | Vaults:5 | Found Quxtuj's Distillery.
 72718 | Vaults:5 | Learned a level 5 spell: Silence
 72758 | Vaults:5 | Found Fiowkaag's Book Emporium.
 72763 | Vaults:5 | Bought a book of Touch for 440 gold pieces
 72768 | Vaults:5 | Learned a level 4 spell: Dispel Undead
 72844 | Vaults:5 | Reached skill level 1 in Hexes
 72884 | Vaults:5 | Identified the ring "Jicraom" {*Corrode rC+++ rN+ MP+9
                  | Str-4}
 72900 | Vaults:5 | Reached skill level 1 in Necromancy
 72902 | Vaults:5 | Noticed an ancient lich
 73064 | Vaults:5 | Identified the +8 triple crossbow of Anguish {drain, Dex+4}
 73068 | Vaults:5 | Killed an ancient lich
 73287 | Vaults:5 | Reached skill level 25 in Fighting
 73599 | Vaults:5 | Got a silver rune of Zot
 74025 | Vaults:5 | Found the +3 pair of mountain boots {steadfast, rC+}
 74342 | Vaults:5 | Found Diruarat's Antique Armour Boutique.
 74807 | D:11     | You paid a toll of a +6 demon trident to enter a treasure
                  | trove
 74808 | Trove    | Entered a treasure trove
 74814 | Trove    | Identified the amulet "Hais" {Faith *Slow Str+5 Dex+2}
 74820 | Trove    | Identified the ring "Hihio" {Wiz rF++}
 74824 | Trove    | Identified the ring of Zeust {Ice Will+}
 74826 | Trove    | Identified the ring "Pasangi" {rPois rF- Str+6 Int+2}
 74828 | Trove    | Identified the ring of Qular {Dex+6 Slay+3}
 74830 | Trove    | Identified the ring "Ireon" {Wiz rF++}
 74839 | Trove    | Identified the ring "Woweke Pops" {rF+ Will+}
 74844 | Trove    | Identified the ring "Astraceh" {rF+ rN++}
 75069 | Depths:1 | Voluntarily entered the Abyss.
 75319 | Abyss:2  | Found a corrupted altar of Lugonu.
 75322 | Abyss:2  | Found a corrupted altar of Lugonu.
 75322 | Abyss:2  | Found a corrupted altar of Lugonu.
 75404 | Abyss:2  | Reached skill level 5 in Necromancy
 75503 | Abyss:3  | Noticed an ancient lich
 75530 | Abyss:3  | Killed an ancient lich
 75552 | Abyss:3  | Reached skill level 5 in Hexes
 75594 | Abyss:3  | Reached XP level 25. HP: 206/228 MP: 46/46
 76457 | Abyss:4  | Found a corrupted altar of Lugonu.
 76623 | Abyss:4  | Found a corrupted altar of Lugonu.
 76647 | Abyss:4  | Noticed a dread lich
 76654 | Abyss:4  | Killed a dread lich
 76762 | Abyss:4  | Paralysed by accursed screaming for 1 turns
 76779 | Abyss:4  | Noticed an ancient lich
 76785 | Abyss:4  | Killed an ancient lich
 76870 | Abyss:4  | Found a corrupted altar of Lugonu.
 76972 | Abyss:4  | Got an abyssal rune of Zot
 76984 | Abyss:4  | Paralysed by accursed screaming for 1 turns
 76988 | Abyss:4  | Paralysed by accursed screaming for 1 turns
 77005 | Abyss:4  | Found a corrupted altar of Lugonu.
 77047 | Abyss:4  | Found a corrupted altar of Lugonu.
 77353 | Abyss:4  | Paralysed by accursed screaming for 1 turns
 77642 | Depths:1 | Escaped the Abyss
 77736 | Zot:1    | Entered Level 1 of the Realm of Zot
 77966 | Depths:3 | Learned a level 2 spell: Lesser Beckoning
 77971 | Depths:3 | Learned a level 4 spell: Manifold Assault
 78317 | Slime:1  | Entered Level 1 of the Pits of Slime
 78363 | Slime:1  | Reached skill level 1 in Translocations
 78405 | Slime:3  | Paralysed by a floating eye for 2 turns
 78489 | Slime:5  | Entered Level 5 of the Pits of Slime
 78580 | Slime:5  | Reached skill level 26 in Fighting
 78684 | Slime:5  | Noticed the Royal Jelly
 78797 | Slime:5  | Found a viscous altar of Jiyva.
 78798 | Slime:5  | Found the +5 glaive of the Guard {elec, spectral, AC+5}
 78848 | Slime:5  | Killed the Royal Jelly
 79013 | Slime:5  | Got a slimy rune of Zot
 79033 | Slime:5  | Identified the +8 battleaxe of Hell's Wrath {flame, Fly}
 79036 | Slime:5  | Identified the +4 falchion of Poverty {heavy, rPois Dex+4}
 79795 | Depths:4 | Learned a level 4 spell: Airstrike
 79863 | Depths:4 | Reached XP level 26. HP: 184/238 MP: 48/48
 79905 | Depths:4 | Reached skill level 1 in Stealth
 80372 | Depths:4 | Reached skill level 5 in Translocations
 80473 | Zot:1    | Identified the +1 robe of the Hot Ocelot {Str+5 SInv}
 80498 | Zot:1    | Noticed an orb of fire
 80501 | Zot:1    | Acquired Qamise's Papyrus of Feathery Blasting
 80510 | Zot:1    | Killed an orb of fire
 80583 | Zot:1    | Reached skill level 5 in Stealth
 82458 | Zot:2    | Noticed an orb of fire
 82471 | Zot:2    | Killed an orb of fire
 83246 | Zot:2    | Identified the +2 pair of boots "Xepa Van" {rCorr Dex+4}
 83325 | Zot:3    | Reached skill level 27 in Fighting
 83344 | Zot:3    | Reached skill level 10 in Stealth
 83658 | Zot:3    | Identified the ring of Qamohust {rC+ Will- Str+3}
 84704 | Zot:4    | Reached XP level 27. HP: 242/249 MP: 48/48
 85005 | Zot:4    | Identified the staff of earth "Riefaun" {Fragile rC+ rCorr}
 85247 | Zot:4    | Identified the +1 leather armour of Hide-and-Seek {*Slow
                  | Dex+5}
 85452 | Zot:4    | Reached skill level 10 in Translocations
 85951 | Zot:5    | Entered Level 5 of the Realm of Zot
 86383 | Zot:5    | Noticed an orb of fire
 86452 | Zot:5    | Killed an orb of fire
 86554 | Zot:5    | Noticed an ancient lich
 86577 | Zot:5    | Noticed a dread lich
 86582 | Zot:5    | Killed a dread lich
 86586 | Zot:5    | Noticed an ancient lich
 86710 | Zot:5    | Identified the ring of Raklacup {rF+ Str+6 Dex+2}
 86781 | Zot:5    | Got the Orb of Zot
 86976 | Depths:4 | Noticed Lerudyas the pandemonium lord
 87447 | D:$      | Escaped with the Orb!

Illustrated notes

Levels and vault maps discovered:
D:1:      heliophobic_arrival_dark_side_of_the_moon, layout_loops_ring,
          dreamdust_ecumenical_altar_hidden_monk_grotto
D:2:      layout_loops_ring, serial_shops, shop, item_on_display_a
D:3:      layout_loops_ring, gammafunk_ghost_gnarly_gnolls,
          reono_crystal_passage
D:4:      layout_layer_cave, enter_ossuary_2, nicolae_shop_sticking_my_neck_out
D:5:      layout_rooms, hangedman_decor_diamond_cutter, minmay_joined_circles
D:6:      layout_basic, serial_rivers, chequers_serial_rivers_small_3,
          chequers_serial_rivers_room_b, chequers_serial_rivers_room_b,
          chequers_serial_rivers_room_b
D:7:      layout_loops_cross, temple_hall
D:8:      layout_basic, lair_entry_dummy, serial_shops,
          nicolae_shop_bloodbath_and_beyond, shop,
          nicolae_shop_tiny_real_fake_doors, shop, uniq_joseph
D:9:      layout_layer_cave, serial_park_tiny_1, hangedman_decor_opposing
D:10:     layout_rooms, nicolae_overflow_hallway_of_the_gods
D:11:     layout_basic, nicolae_trove_entry_free_sample
D:12:     layout_rooms, orc_0_dummy, nicolae_wwwww, kennysheep_slug_shrine
D:13:     layout_grid_maze, david_vaults_2, gauntlet_entry_generic,
          nicolae_ashenzari_panopticon
D:14:     minmay_inner_zag, layout_loops_corners
D:15:     hangedman_depths_entry_civil_slaughter, layout_small_grid,
          nicolae_gozag_seed_capital
Temple:   cyrus_circular_temple
Lair:1:   layout_small_grid, lemuel_fruit_tree, serial_bayou_shore_a,
          grunt_megastairs_5
Lair:2:   layout_cave_pods, swamp_mist_pool, nicolae_snake_entry_warm_welcome,
          grunt_megastairs_2
Lair:3:   layout_concentric_octagons, basic_altar, gammafunk_ghost_icy,
          uniq_nergalle, uniq_snorg
Lair:4:   layout_hall_layers, nicolae_lair_run_with_the_wolves,
          grunt_megastairs_3
Lair:5:   gammafunk_lair_ancient_temple, layout_regular_city,
          minmay_slime_entry_eyes, dreamdust_mushroom_princess,
          dreamdust_gnoll_shepherd
Swamp:1:  layout_basic_swamp, nicolae_swamp_feature_on_the_river_bank,
          uniq_frances, uniq_jorgrun
Swamp:2:  layout_falls_marsh, nicolae_swamp_triple_paths, swamp_pool1,
          roderic_carrion_pond
Swamp:3:  layout_falls_marsh, portal_ice_cave_entry_ice_simulacra,
          hangedman_swamp_cone
Swamp:4:  swamp_icy, layout_basic_swamp, uniq_mlioglotl
Snake:1:  layout_chambers, serial_shops, shop, grunt_megastairs_4
Snake:2:  layout_misc_corridors, serial_shops, shop
Snake:3:  layout_onion, serial_shops, shop, serial_bayou_shore_b,
          serial_bayou_shore_b, nicolae_integral_box, uniq_nikola, uniq_donald
Snake:4:  minmay_snake_end_coiled, layout_grid_shapes, st_stairs_11,
          grunt_ministairs_11, serial_bayou_shore_b
Slime:1:  layout_caves
Slime:2:  layout_caves
Slime:3:  layout_caves, special_room [special_room_jelly],
          cheibrodos_slime_lost_civilization_7
Slime:4:  layout_caves, nicolae_slime_crime_time
Slime:5
Orc:1:    layout_caves
Orc:2:    st_orc_ogre_mass, layout_diamond_mine, gammafunk_ghost_stat_death,
          basic_altar, serial_shops, nicolae_shop_statue_plus,
          guppyfry_library_mini
Elf:1:    elf_arrival_002, layout_gridlike, basic_altar, minmay_elf_annihilation
Elf:2:    nicolae_elf_blades_splatter_lattice
          [nicolae_blade_entry_sentries_behind_glass], layout_loops_cross,
          minmay_curled_crystal, nicolae_elevator_lobby_plus, uniq_louise
Elf:3:    minmay_elf_hall_four_x, layout_gridlike
Vaults:1: nicolae_vaults_trapezoid_lopsided_3, v_alt_pattern_4,
          nicolae_vaults_offset_grid_hallway_3,
          nicolae_vaults_storage_closets_1, nicolae_vaults_tetromino_L_1,
          nicolae_vaults_offset_grid_hallway_4,
          nicolae_vaults_network_periphery, hangedman_vaults_capsules,
          nicolae_vaults_turnstiles, v_rooms_1, nicolae_vaults_alarming,
          nicolae_vaults_asterisk, layout_vaults_omnibox
Vaults:2: v_misc_4, v_misc_23, nicolae_vaults_storage_closets_2, v_misc_4,
          ontoclasm_vaults_chip, vaults_room_semicircle, vaults_room_hallway,
          ontoclasm_vaults_gateway, layout_vaults_omnigrid, serial_shops,
          nicolae_shop_stone, shop, shop
Vaults:3: v_rooms_4, minmay_crypt_entry_simple_statues, v_pattern_4,
          vaults_room_stairs_pillars, v_misc_10, nicolae_vaults_tetromino_Z_1,
          v_misc_1, nicolae_vaults_tetromino_T_2, nicolae_vaults_meeting,
          v_misc_23, layout_vaults_maze_snakey, uniq_mennas
Vaults:4: hangedman_vaults_nodes, nicolae_vaults_storing_the_good_stuff,
          vaults_standard_mumra_enter_the_diamond,
          nicolae_vaults_heart-shaped_vault, ontoclasm_vaults_spin,
          nicolae_vaults_sesquioval_fish, vaults_room_door_hall,
          nicolae_vaults_asterisk, nicolae_vaults_hallways_thing,
          vaults_room_door_ring, nicolae_vaults_little_ls,
          nicolae_vaults_lightning_bolt, nicolae_vaults_tetromino_Z_1,
          vaults_dpeg_encased_lava, layout_vaults_ring, serial_shops, shop,
          shop, shop, nicolae_shop_crystal
Vaults:5
Crypt:1:  layout_misc_corridors, lemuel_upstairs_altar,
          grunt_crypt_arrival_webbed
Crypt:2:  layout_misc_corridors, st_stairs_9, roderic_lattice_octagonal_star
Crypt:3:  david_glass_crypt, layout_gridlike,
          nicolae_tomb_entry_unfolded_pyramid_diagonal, uniq_khufu, uniq_sojobo
Depths:1: layout_basic, enter_ziggurat_a, abyss_entry,
          nicolae_hell_entry_big_baal_hell, amcnicky_mini_rare_corridor_liquid,
          serial_shops, statue_bzr, minivault_16, kennysheep_flooded_box,
          minmay_misc_feat_more_columns, kennysheep_just_a_vault, uniq_asterion,
          uniq_enchantress
Depths:2: nicolae_BIG_FREAKIN_CUBE, layout_gridville, pan_entry, hell_entry,
          minmay_swirly_circle
Depths:3: grunt_profane_halls [grunt_profane_temple_tar,
          grunt_profane_temple_dis, grunt_profane_temple_geh,
          grunt_profane_temple_coc, grunt_profane_loot], abyss_entry,
          serial_shops, hell_entry
Depths:4: grunt_zot_entry_tricorne, layout_cave_shapes, hangedman_coc_ice_floe,
          nemelex_diamond_rough_becter, abyss_entry_flame_altar, uniq_josephina
Zot:1:    hangedman_zot_vaults_quadrants, layout_cathedral_of_symmetry
Zot:2:    layout_gridlike
Zot:3:    kennysheep_bubbly, layout_misc_corridors, uniq_tiamat
Zot:4:    layout_gridlike, hangedman_swamp_dais
Zot:5:    layout_misc_corridors

Skill      XL: |  1  2  3  4  5  6  7  8  9 10 11 12 13 14 15 16 17 18 19 20 21 22 23 24 25 26 27 |
---------------+----------------------------------------------------------------------------------+-----
Armour         | 1 2 3 4 6 7 8 9 10 | 10.9
Fighting       | 3 4 5 6 7 9 11 13 16 17 18 19 20 21 22 23 24 25 26 27 | 27.0
Maces & Flails | 3 4 6 8 10 11 | 11.1
Spellcasting   | 1 2 8 12 14 16 17 19 21 | 21.5
Axes           | 1 2 4 5 6 7 9 |  9.0
Dodging        | 3 4 5 6 8 9 10 | 10.7
Shields        | 1 5 6 9 11 13 15 | 15.6
Evocations     | 5 7 9 11 12 | 12.8
Air Magic      | 2 6 8 9 |  9.0
Summonings     | 2 6 8 9 |  9.0
Ice Magic      | 3 |  3.4
Hexes          | 5 7 |  7.5
Necromancy     | 5 8 |  8.3
Translocations | 4 9 11 | 11.7
Stealth        | 12 14 | 14.3
Throwing       | |  1.5

Action                     |  1- 3 |  4- 6 |  7- 9 | 10-12 | 13-15 | 16-18 | 19-21 | 22-24 | 25-27 || total
---------------------------+-------+-------+-------+-------+-------+-------+-------+-------+-------++-------
  Melee: Flail             |    63 |   146 |       |       |       |       |       |       |       ||   209
         Punch             |     2 |       |     4 |     8 |       |       |       |       |       ||    14
         War axe           |       |    63 |   364 |   655 |       |       |       |       |       ||  1082
         Whip              |       |       |       |    60 |  1850 |  2862 |  3517 |   535 |       ||  8824
         Demon whip        |       |       |       |       |       |       |       |  1736 |  2294 ||  4030
  Throw: Throwing net      |     1 |       |       |     5 |       |       |       |       |       ||     6
         Javelin           |       |       |       |     4 |       |     1 |     1 |     3 |       ||     9
         Dart              |       |       |       |       |       |       |       |       |     1 ||     1
   Cast: Frozen Ramparts   |       |       |       |       |       |       |       |     3 |     1 ||     4
         Summon Lightning  |       |       |       |       |       |       |       |     1 |       ||     1
         Manifold Assault  |       |       |       |       |       |       |       |       |    19 ||    19
         Lesser Beckoning  |       |       |       |       |       |       |       |       |     6 ||     6
 Invoke: Potion Petition   |       |       |       |     1 |     1 |     3 |     1 |    13 |    14 ||    33
         Call Merchant     |       |       |       |     1 |     2 |     2 |     1 |     1 |       ||     7
         Bribe Branch      |       |       |       |       |       |       |       |       |     1 ||     1
Ability: Evoke Blink       |       |       |       |       |       |       |     3 |       |       ||     3
  Evoke: Wand              |       |       |     6 |    57 |    16 |     7 |     8 |    13 |     4 ||   111
         Lightning rod     |       |       |       |       |    17 |     5 |     8 |    13 |     7 ||    50
         Condenser vane    |       |       |       |       |     2 |     4 |     4 |     5 |     5 ||    20
    Use: Scroll            |     2 |     5 |     9 |    23 |    15 |    13 |    10 |    36 |    12 ||   125
   Stab: Held in net/web   |     1 |       |       |     2 |       |       |       |       |       ||     3
         Sleeping          |     1 |       |       |       |     8 |    10 |     5 |     2 |     8 ||    34
         Invisible         |       |       |     3 |     5 |       |       |       |       |     8 ||    16
         Paralysed         |       |       |       |    15 |       |    14 |     8 |       |     6 ||    43
         Distracted        |       |       |       |     4 |     4 |    13 |    14 |    50 |    56 ||   141
 Armour: Leather armour    |    19 |       |       |    29 |   211 |       |       |       |       ||   259
         Scale mail        |    15 |   107 |   174 |   188 |       |       |       |       |       ||   484
         Ring mail         |     1 |       |       |       |   137 |   456 |   543 |   471 |   558 ||  2166
  Dodge: Dodged            |    36 |   131 |   301 |   702 |  1279 |  1661 |  1454 |   867 |   800 ||  7231
  Block: Buckler           |       |       |       |     2 |   371 |   457 |       |       |       ||   830
         Kite shield       |       |       |       |       |       |   170 |  2180 |  1534 |  1278 ||  5162
